[Event "Late-Titled-Tuesday-Blitz-February-20-2024"]
[Site "Chess.com"]
[Date "2024.02.20"]
[Round "5"]
[White "SHIVACalypso"]
[Black "rcmz"]
[Result "1-0"]
[WhiteElo "2502"]
[BlackElo "2195"]
[TimeControl "180+1"]
[EndTime "14:55:27 PST"]
[Termination "SHIVACalypso won on time"]

1. d4 d6 2. e4 Nd7 3. c4 h6 4. Nc3 c6 5. Be3 g5 6. Qd2 Bg7 7. Be2 Qa5 8. h4 gxh4 9. Nf3 Nf8 10. Nxh4 Nf6 11. O-O-O Ng4 12. Nf5 Bxf5 13. exf5 Qxf5 14. Bxg4 Qxg4 15. f3 Qg6 16. Rde1 O-O-O 17. Ne4 Kb8 18. Rh3 h5 19. Reh1 Ne6 20. Rg3 Qf5 21. d5 cxd5 22.
cxd5 Rc8+ 23. Kb1 Be5 24. Rgh3 Nc5 25. Bxc5 dxc5 26. Qc2 Bd4 27. Ng3 Qxd5 28. Rxh5 Rxh5 29. Rxh5 Qd6 30. Ne4 Qf4 31. Nxc5 b6 32. Rf5 Qd6 33.
Na6+ 1-0

[Event "Late-Titled-Tuesday-Blitz-February-20-2024"]
[Site "Chess.com"]
[Date "2024.02.20"]
[Round "5"]
[White "sergoy"]
[Black "chegueps"]
[Result "1-0"]
[WhiteElo "2993"]
[BlackElo "2665"]
[TimeControl "180+1"]
[EndTime "14:55:29 PST"]
[Termination "sergoy won on time"]

1. d4 Nf6 2. c4 g6 3. Nc3 Bg7 4. e4 d6 5. Nf3 O-O 6. Be2 e5 7. O-O Bg4 8. d5 a5 9. Be3 Na6 10. Qc2 Bd7 11. b3 Ng4 12. Bg5 f6 13. Bh4 Nh6 14. a3 g5 15. Bg3 Nf7 16. Nd2 Qe7 17.
Rab1 Rfb8 18. b4 axb4 19. axb4 c5 20. bxc5 Nxc5 21. Nb3 b6 22. Nxc5 dxc5 23. Nb5 Bxb5 24. Rxb5 Nd6 25. Rb2 f5 26. exf5 e4 27. Rb3 Be5 28. Bg4 Ra4 29. Rxb6 Rxb6 30. Qxa4 e3 31.
Qa8+ Kg7 32. Bxe5+ Qxe5 33. Qa7+ Rb7 34. Qxc5 exf2+ 35. Qxf2 Ne4 36. Qe3 Rb3 37. Qxb3 Nd2 38. Qd3 1-0

[Event "Late-Titled-Tuesday-Blitz-February-20-2024"]
[Site "Chess.com"]
[Date "2024.02.20"]
[Round "5"]
[White "NtcPou"]
[Black "jcmesafischer"]
[Result "0-1"]
[WhiteElo "2016"]
[BlackElo "2372"]
[TimeControl "180+1"]
[EndTime "14:55:29 PST"]
[Termination "jcmesafischer won by resignation"]

1. e4 c5 2. Nf3 d6 3. Bb5+ Bd7 4. Bxd7+ Qxd7 5. c4 g6 6. d4 cxd4 7. Nxd4 Bg7 8. Nc3 Nc6 9. Be3 Nf6 10. f3 O-O 11. O-O Rfc8 12. b3 e6 13. Qd2 d5 14.
Nxc6 bxc6 15. Rad1 Qc7 16. exd5 cxd5 17. Nb5 Qc6 18.
Nxa7 Rxa7 19. Bxa7 dxc4 20. bxc4 Qxc4 21. Rc1 Qa6 22.
Rxc8+ Qxc8 23. Rc1 Qa8 24. Bf2 Nd5 25. h4 h5 26. Bd4 Bf8 27. Ra1 Qa4 28. a3 Bh6 29.
Qd3 Nf4 30. Qc3 Ne2+ 0-1

[Event "Late-Titled-Tuesday-Blitz-February-20-2024"]
[Site "Chess.com"]
[Date "2024.02.20"]
[Round "5"]
[White "otrov-11"]
[Black "a-z30"]
[Result "1-0"]
[WhiteElo "2601"]
[BlackElo "2393"]
[TimeControl "180+1"]
[EndTime "14:55:30 PST"]
[Termination "otrov-11 won on time"]

1. d4 d5 2. c4 e6 3. g3 Nf6 4. Nf3 c5 5. Bg2 Nc6 6. cxd5 exd5 7. O-O Be7 8. dxc5 Bxc5 9. Nc3 O-O 10. Bg5 d4 11. Na4 Be7 12. Rc1 Be6 13. a3 Bd5 14. b4 h6 15. Bxf6 Bxf6 16. Nc5 b6 17. Nd3 Re8 18. Nf4 Be4 19. Ne1 Bxg2 20. Nfxg2 Rc8 21.
Nd3 Qd5 22. Qd2 Bg5 23. f4 Bf6 24. Qb2 Qe4 25. Rfe1 Ne7 26. Rxc8 Rxc8 27. Qb3 Rc3 28. Qa4 Nd5 29. Qxa7 Ne3 30. Nxe3 Qxe3+ 31. Kf1 h5 32. Qa8+ Kh7 33. Rd1 Rc2 34. Qg2 h4 35. Qf2 hxg3 36. Qxe3 dxe3 37. hxg3 Ra2 38. Rb1 Rxa3 39. Kg2 Bd4 40.
Kf3 Ra2 41. g4 g6 42. Rc1 Kg7 43. Rc4 Ba1 44. Kxe3 Ra4 45. Rc6 b5 46. Rb6 1-0

[Event "Late-Titled-Tuesday-Blitz-February-20-2024"]
[Site "Chess.com"]
[Date "2024.02.20"]
[Round "5"]
[White "Kosak12"]
[Black "Practical-Play"]
[Result "1-0"]
[WhiteElo "2817"]
[BlackElo "2543"]
[TimeControl "180+1"]
[EndTime "14:55:31 PST"]
[Termination "Kosak12 won by checkmate"]

1. d4 Nf6 2. Bf4 c6 3. c3 d6 4. h3 g6 5. Nf3 Qb6 6. Qc1 Bg7 7. e3 O-O 8. Bd3 Nbd7 9. Nbd2 Re8 10. Bh2 e5 11. Qc2 c5 12. O-O Qc7 13. dxe5 dxe5 14. Rad1 b6 15. Bc4 Nf8 16. Ng5 Ne6 17. Nde4 h6 18.
Nxf6+ Bxf6 19. Ne4 Be7 20. f4 f5 21. fxe5 fxe4 22.
Qxe4 Kg7 23. Rf6 Nf8 24. Rf7+ Kh8 25. Rdf1 Bb7 26. Qg4 Qc6 27. e6 h5 28. Be5+ Kg8 29. Rg7+ Kh8 30. Rxe7+ Kg8 31. Rg7+ Kh8 32. Rxb7+ Kg8 33.
Rg7+ Kh8 34. Rxa7+ Kg8 35. Rg7+ Kh8 36. Rxg6+ Kh7 37.
Qxh5# 1-0

[Event "Late-Titled-Tuesday-Blitz-February-20-2024"]
[Site "Chess.com"]
[Date "2024.02.20"]
[Round "5"]
[White "tusplingher"]
[Black "Charodej1"]
[Result "1-0"]
[WhiteElo "2461"]
[BlackElo "2226"]
[TimeControl "180+1"]
[EndTime "14:55:31 PST"]
[Termination "tusplingher won by resignation"]

1. e4 c6 2. Nf3 d5 3. d3 dxe4 4. dxe4 Qxd1+ 5. Kxd1 Bg4 6. Nd2 Nd7 7. Be2 Ngf6 8. Ne1 Bxe2+ 9. Kxe2 O-O-O 10. f3 g5 11. Nd3 Rg8 12. Nc4 g4 13. a4 gxf3+ 14. gxf3 Rg2+ 15. Nf2 e6 16. Be3 b6 17. Rag1 Rxg1 18.
Rxg1 b5 19. axb5 cxb5 20. Na5 a6 21. c4 Ne5 22. cxb5 axb5 23. Rc1+ Kd7 24. Bg5 Be7 25. f4 Ng6 26. Kf3 Ra8 27. Nc6 Ng8 28. Nxe7 N8xe7 29. Nd3 h6 30. Bxh6 Rh8 31. Bg5 Rxh2 32. Nc5+ Ke8 33.
Nd3 Rh3+ 34. Ke2 Rh2+ 35. Ke3 Kd7 36. Rd1 Kc6 37. Bf6 Rh3+ 38. Kd4 Kc7 39. Rc1+ Nc6+ 40.
Rxc6+ Kxc6 41. f5 exf5 42. exf5 Nh4 43. Ne5+ Kb7 44. Ke4 Rh1 45. Nxf7 Nxf5 46. Kxf5 Rf1+ 47. Ke6 Re1+ 48. Kd5 Ka6 49. Nd6 Rd1+ 50. Kc5 Rc1+ 51. Bc3 Rc2 52. Nxb5 1-0

[Event "Late-Titled-Tuesday-Blitz-February-20-2024"]
[Site "Chess.com"]
[Date "2024.02.20"]
[Round "5"]
[White "Dinamo3"]
[Black "AlexOstrovskiy"]
[Result "0-1"]
[WhiteElo "2518"]
[BlackElo "2738"]
[TimeControl "180+1"]
[EndTime "14:55:32 PST"]
[Termination "AlexOstrovskiy won on time"]

1. c4 b6 2. Nc3 Bb7 3. Nf3 e6 4. e3 f5 5. b3 Nf6 6. Bb2 g6 7. Be2 Bg7 8. O-O O-O 9. d3 d6 10. Ne1 e5 11. Bf3 e4 12. Be2 Nbd7 13. Nc2 exd3 14.
Bxd3 Nc5 15. Be2 Qe7 16. Nd4 Rae8 17. Bf3 Nce4 18. Rc1 a6 19. h3 c5 20. Nc2 g5 21.
Nd5 Nxd5 22. Bxg7 Qxg7 23. cxd5 Re5 24. Na3 b5 25. Nb1 Rxd5 26. Qc2 Re5 27. Rfd1 g4 28. hxg4 fxg4 29. Bxe4 Bxe4 30. Qd2 g3 31. fxg3 Qxg3 32. Rf1 Rxf1+ 33. Rxf1 Rh5 34. Rf4 Rd5 0-1

[Event "Late-Titled-Tuesday-Blitz-February-20-2024"]
[Site "Chess.com"]
[Date "2024.02.20"]
[Round "5"]
[White "gahryman"]
[Black "DanielNaroditsky"]
[Result "1-0"]
[WhiteElo "2708"]
[BlackElo "3094"]
[TimeControl "180+1"]
[EndTime "14:55:38 PST"]
[Termination "gahryman won by resignation"]

1. e4 c5 2. Nf3 d6 3. c3 Nf6 4. Be2 Bd7 5. d3 g6 6. O-O Bg7 7. Re1 O-O 8. Bf1 Bc6 9. Nbd2 e5 10. d4 cxd4 11. cxd4 exd4 12. Nxd4 Re8 13. Qc2 Qb6 14.
Nxc6 Nxc6 15. Nc4 Qc5 16. Be3 Qh5 17. Be2 Ng4 18. Bxg4 Qxg4 19. Nxd6 Re7 20. Rad1 h5 21.
f3 Qe6 22. Nb5 Qxa2 23. Nc3 Qc4 24. Rc1 Nd4 25. Qd1 Nb3 26. Nd5 Nxc1 27. Nxe7+ Kf8 28. Qd6 Ne2+ 29. Kf2 Ke8 30. Nd5 Bf8 31. Nc7+ Qxc7 32.
Qxc7 Be7 33. Rxe2 Rd8 34. Qxb7 Rd7 35. Qb5 Kd8 36. Rd2 Rxd2+ 37. Bxd2 Kc7 38. Bf4+ Bd6 39.
Bxd6+ Kxd6 40. Qa5 Ke6 41. Qd5+ Kf6 42. e5+ Kg5 43.
e6+ Kf6 1-0

[Event "Late-Titled-Tuesday-Blitz-February-20-2024"]
[Site "Chess.com"]
[Date "2024.02.20"]
[Round "5"]
[White "steepedgames"]
[Black "Chessdude1987"]
[Result "1-0"]
[WhiteElo "2562"]
[BlackElo "2362"]
[TimeControl "180+1"]
[EndTime "14:55:38 PST"]
[Termination "steepedgames won on time"]

1. d4 e6 2. c4 f5 3. g3 Nf6 4.
Bg2 Bb4+ 5. Nd2 a5 6. a3 Bxd2+ 7. Bxd2 a4 8. Nf3 d6 9. O-O O-O 10. h4 Qe7 11. Bf4 Nbd7 12. Qc2 e5 13. dxe5 dxe5 14. Bd2 Nc5 15. Bb4 e4 16. Nd4 b6 17. e3 Be6 18.
Rfd1 Nfd7 19. Nxe6 Qxe6 20. Rd5 c6 21. Rd2 Ne5 22.
Bxc5 bxc5 23. Rad1 Nxc4 24. Rd7 Ne5 25. Bf1 Kh8 26.
R1d6 Qg8 27. Re7 Rfe8 28. Rxe8 Rxe8 29. Qxc5 Nf3+ 30. Kg2 Qf7 31. Be2 h5 32. Bxf3 exf3+ 33. Kxf3 Qe7 34. Qxc6 Rf8 35. Re6 Qf7 36. Qd6 Re8 37. Rxe8+ Qxe8 38. Qd5 Qf8 39. Kf4 Kh7 40. Qxf5+ 1-0

[Event "Late-Titled-Tuesday-Blitz-February-20-2024"]
[Site "Chess.com"]
[Date "2024.02.20"]
[Round "5"]
[White "rdarruda"]
[Black "LuckyTiger"]
[Result "1/2-1/2"]
[WhiteElo "2544"]
[BlackElo "2776"]
[TimeControl "180+1"]
[EndTime "14:55:40 PST"]
[Termination "Game drawn by repetition"]

1. d4 Nf6 2. Nf3 e6 3. g3 b5 4.
Bg2 Bb7 5. O-O Be7 6. a4 b4 7. c3 bxc3 8. Nxc3 O-O 9. Re1 d5 10.
Ne5 Nbd7 11. Nxd7 Qxd7 12. b3 Rab8 13. Ba3 Bxa3 14. Rxa3 Bc6 15. e3 Ne8 16. Bf1 Nd6 17. Qc2 Ba8 18. Nb5 Ne4 19. Qxc7 Qxc7 20.
Nxc7 Bb7 21. Na6 Rbc8 22. Nc5 Nxc5 23. dxc5 Rxc5 24. b4 Rc2 25. Bd3 Rb2 26. b5 Rc8 27. Raa1 Rb3 28. Bf1 Kf8 29. Rec1 Ke7 30. Rxc8 Bxc8 31.
a5 Kd7 32. b6 axb6 33. a6 Bxa6 34. Rxa6 Ke7 35. Ra1 f5 36. Be2 Kf6 37. Ra6 g5 38. f4 Rxe3 39. Kf2 Rb3 40. Ra7 gxf4 41. gxf4 Rb4 42. Ke3 Rb3+ 43. Bd3 h6 44. h4 Rb2 45. Rh7 Kg6 46. Re7 Kf6 47. Rh7 Kg6 48. Re7 Kf6 49.
Rh7 1/2-1/2

[Event "Late-Titled-Tuesday-Blitz-February-20-2024"]
[Site "Chess.com"]
[Date "2024.02.20"]
[Round "5"]
[White "Rutricks"]
[Black "MeisterJabo"]
[Result "0-1"]
[WhiteElo "2686"]
[BlackElo "2452"]
[TimeControl "180+1"]
[EndTime "14:55:40 PST"]
[Termination "MeisterJabo won on time"]

1. Nc3 d5 2. d4 Nf6 3. Bf4 e6 4. f3 Bd6 5. Qd2 O-O 6. O-O-O a6 7.
e4 Bxf4 8. Qxf4 b5 9. Bd3 b4 10. Nce2 dxe4 11. fxe4 Bb7 12. Nf3 Nbd7 13. h4 h5 14. Ng5 Ng4 15. Ng3 e5 16. dxe5 Ndxe5 17. Nxh5 Qe7 18. Be2 Nh6 19. Qg3 f6 20. Ne6 Rf7 21.
Nexg7 Rxg7 22. Nxg7 Qxg7 23. Qf4 Nhg4 24. Kb1 Rf8 25. Rh3 Qh6 26. Qg3 Qg7 27. h5 Kh8 28.
h6 Nxh6 29. Qf4 Nf7 30. Rdh1 Qg5 31. Rxh6+ Nxh6 32. Rxh6+ Kg7 33. Qxg5+ fxg5 34. Rh5 Kg6 0-1

[Event "Late-Titled-Tuesday-Blitz-February-20-2024"]
[Site "Chess.com"]
[Date "2024.02.20"]
[Round "5"]
[White "Walter_White_Poland"]
[Black "morte-negra"]
[Result "1-0"]
[WhiteElo "2360"]
[BlackElo "2022"]
[TimeControl "180+1"]
[EndTime "14:55:41 PST"]
[Termination "Walter_White_Poland won on time"]

1. d4 Nf6 2. Bf4 g6 3. e3 Bg7 4. h3 d6 5. Nf3 Nc6 6. Be2 O-O 7.
O-O Nd7 8. Bh2 e5 9. c3 Qe7 10. Nfd2 f5 11. Re1 Nf6 12. b4 a6 13.
a4 Be6 14. Na3 Bf7 15. b5 axb5 16. axb5 Nd8 17. b6 c6 18. Nac4 Rxa1 19. Qxa1 Ne4 20.
Nxe4 fxe4 21. Qa3 Qf6 22. Nxd6 Bd5 23. Rf1 exd4 24. cxd4 Qe7 25. Qc3 Ne6 26. Bc4 Ng5 27. Bxd5+ cxd5 28. Qc7 Qe6 29. Nxb7 Rf7 30. Qd8+ Bf8 31.
Nc5 Nxh3+ 32. gxh3 Qxh3 33. Qxd5 1-0

[Event "Late-Titled-Tuesday-Blitz-February-20-2024"]
[Site "Chess.com"]
[Date "2024.02.20"]
[Round "5"]
[White "Laico"]
[Black "PawnEatingZombie"]
[Result "0-1"]
[WhiteElo "2364"]
[BlackElo "2211"]
[TimeControl "180+1"]
[EndTime "14:55:43 PST"]
[Termination "PawnEatingZombie won by resignation"]

1. e4 d6 2. Nc3 e5 3. f4 exf4 4. Nf3 g5 5. Bc4 Be6 6. Bxe6 fxe6 7. O-O Nc6 8. d4 Bg7 9. d5 Ne5 10. Nxe5 Bxe5 11. Qh5+ Kd7 12. dxe6+ Kxe6 13. h4 Nf6 14. Qxg5 Qg8 15. Qf5+ Kf7 16. Bxf4 Bd4+ 17. Kh1 Qg6 18.
Bg5 Qxf5 19. Rxf5 Ke6 20. Bxf6 Bxf6 21. Nd5 Bd8 22. Raf1 c6 23. Nf4+ Kd7 24. Rf7+ Be7 25. Nh5 Raf8 26. Nf6+ Ke6 27. Rxf8 Rxf8 28. Rd1 Bxf6 29. c3 Be5 30. Kg1 h5 31. Rd3 Rg8 32. Kf2 Rg4 33. Kf3 Rxh4 34. g3 Rg4 35. Kg2 h4 36.
Kh3 Rxg3+ 37. Kxh4 Rxd3 0-1

[Event "Late-Titled-Tuesday-Blitz-February-20-2024"]
[Site "Chess.com"]
[Date "2024.02.20"]
[Round "5"]
[White "Njal28"]
[Black "NikoTheodorou"]
[Result "0-1"]
[WhiteElo "2992"]
[BlackElo "3067"]
[TimeControl "180+1"]
[EndTime "14:55:46 PST"]
[Termination "NikoTheodorou won by checkmate"]

1. d4 Nf6 2. Nf3 g6 3. Nbd2 Bg7 4. e4 d6 5. Bb5+ c6 6. Bd3 O-O 7. O-O c5 8. c3 cxd4 9. cxd4 e5 10. d5 a5 11. Re1 Nbd7 12. a4 Nc5 13. Bc2 b6 14. Nb1 Ne8 15. Nc3 Nc7 16. Bg5 f6 17. Be3 N7a6 18. Nd2 Nb4 19. Ra3 f5 20. f3 f4 21.
Bf2 g5 22. Nb5 h5 23. Nc4 Rf6 24. Bb1 Rg6 25. g4 Rh6 26. h3 Bf8 27. Kg2 Rb8 28. Rh1 Rb7 29. Kf1 Rbh7 30. Rg1 hxg4 31. hxg4 Rh2 32.
Rg2 Rh1+ 33. Rg1 R1h3 34. Ke1 Ba6 35. Qe2 Nxa4 36. Rxa4 Bxb5 37. Ra3 Rh1 38. Rc3 Na6 39. Qf1 Rxg1 40. Qxg1 Nc5 41. Bxc5 bxc5 42. Bd3 Qb8 43. Rc2 Ba6 44. Nxe5 Qb3 45. Rd2 c4 46.
Bc2 Qe3+ 47. Qxe3 fxe3 48. Re2 Rh1# 0-1

[Event "Late-Titled-Tuesday-Blitz-February-20-2024"]
[Site "Chess.com"]
[Date "2024.02.20"]
[Round "5"]
[White "scandalgod"]
[Black "Felix-Rose"]
[Result "1-0"]
[WhiteElo "2483"]
[BlackElo "2264"]
[TimeControl "180+1"]
[EndTime "14:55:46 PST"]
[Termination "scandalgod won on time"]

1. d4 d5 2. c4 e6 3. Nf3 Nf6 4. g3 dxc4 5. Bg2 a6 6. O-O Nc6 7. Nc3 Rb8 8. e4 Bb4 9. Qe2 O-O 10. Rd1 b5 11. Bg5 h6 12. Ne5 Nxd4 13. Rxd4 Qxd4 14. Bxf6 gxf6 15. Nc6 Bxc3 16. Nxd4 Bxd4 17. Rd1 c5 18. h3 Kh7 19. Kh2 Rg8 20. f4 Bb7 21. Qh5 Rg6 22. f5 Rg7 23. g4 e5 24. h4 Rbg8 25. Bf3 b4 26. Rc1 Bxb2 27. Rxc4 Bd4 28. Rc2 a5 29. Be2 Bxe4 30. Rc1 Bd5 31. Kh3 Bxa2 32. Bd3 b3 33. g5 fxg5 34. f6+ 1-0

[Event "Late-Titled-Tuesday-Blitz-February-20-2024"]
[Site "Chess.com"]
[Date "2024.02.20"]
[Round "5"]
[White "PacingRope"]
[Black "BogdanDeac"]
[Result "0-1"]
[WhiteElo "2905"]
[BlackElo "3048"]
[TimeControl "180+1"]
[EndTime "14:55:47 PST"]
[Termination "BogdanDeac won by resignation"]

1. e4 c6 2. d4 d5 3. f3 Qb6 4.
Nc3 dxe4 5. fxe4 e5 6. Nf3 exd4 7. Qxd4 Qxd4 8. Nxd4 Nf6 9. e5 Ng4 10. Bf4 Bc5 11.
Nce2 Nd7 12. e6 Nb6 13. exf7+ Kxf7 14. h3 Re8 15. hxg4 Bxd4 16. O-O-O Bc5 17. Nd4 Bxg4 18. Nf3 Bxf3 19. gxf3 h6 20. Bd3 Rad8 21. Rh2 Nd5 22.
Bd2 Be3 23. Rg2 Bxd2+ 24. Rgxd2 Rd6 25. Be4 Rf6 26. Rd3 Nf4 27. Ra3 a6 28. Rb3 Re7 29. a4 b5 30. axb5 axb5 31. Rc3 Ne2+ 32. Kb1 Nxc3+ 33. bxc3 Rfe6 34. Rf1 g5 35. Kb2 Rf6 36.
Rg1 Rf4 37. Bxc6 Re5 38. Kb3 Kf6 39. Rh1 Kg6 40. Ra1 h5 41. Ra6 Rf6 42. Be8+ Rxe8 0-1

[Event "Late-Titled-Tuesday-Blitz-February-20-2024"]
[Site "Chess.com"]
[Date "2024.02.20"]
[Round "5"]
[White "Goryachkina"]
[Black "bocah_sakit"]
[Result "1-0"]
[WhiteElo "2694"]
[BlackElo "2502"]
[TimeControl "180+1"]
[EndTime "14:55:47 PST"]
[Termination "Goryachkina won by resignation"]

1. e4 e5 2. Bc4 Nf6 3. d3 c6 4. Nf3 d5 5. Bb3 Bd6 6. O-O a5 7. a4 O-O 8. exd5 cxd5 9. Nc3 e4 10. dxe4 dxe4 11. Ng5 Bf5 12. Nb5 Ra6 13. Nxf7 Rxf7 14.
Bf4 Ne8 15. Qd5 Bg6 16. Rad1 Kh8 17. Bxd6 Nxd6 18. Nxd6 Rd7 19. Nxb7 Qc8 20. Qc4 Rc6 21. Qb5 e3 22. fxe3 Be4 23. Qe5 Bxg2 24. Nd6 Rcxd6 25.
Rxd6 Bxf1 26. Rb6 Rc7 27. Kxf1 h6 28. Re6 Kh7 29. Qe4+ Kh8 30. Re8+ Qxe8 31. Qxe8+ Kh7 32. Bg8+ 1-0

[Event "Late-Titled-Tuesday-Blitz-February-20-2024"]
[Site "Chess.com"]
[Date "2024.02.20"]
[Round "5"]
[White "WindWhistler11"]
[Black "dretch"]
[Result "0-1"]
[WhiteElo "2490"]
[BlackElo "2875"]
[TimeControl "180+1"]
[EndTime "14:55:47 PST"]
[Termination "dretch won by resignation"]

1. c4 c6 2. g3 d5 3. Bg2 dxc4 4. Na3 g6 5. Nxc4 Bg7 6. Nf3 Nf6 7. O-O O-O 8. d3 Nbd7 9. Bd2 Nd5 10. Rc1 b6 11. e4 Nc7 12. d4 Bb7 13. Re1 Rc8 14. h4 Ne6 15. Bc3 Ba6 16. Ne3 Nf6 17. Ne5 Nd7 18. Nf3 Re8 19. Bh3 Nc7 20. e5 e6 21. Ng5 Nb5 22.
Ne4 c5 23. dxc5 Nxc5 24. Nd6 Nxd6 25. exd6 Nd3 26. Bf1 Bxc3 27. bxc3 Qxd6 28. c4 Red8 29. Bxd3 Qxd3 30. Qa4 Bb7 31. Qc2 Bf3 32. Qc3 Qxc3 33.
Rxc3 Rd2 34. Ra3 Rc7 35. g4 Rd4 36. g5 Rxh4 37. Ng2 Bxg2 38. Kxg2 Rg4+ 39. Rg3 Rcxc4 40.
Rd1 Ra4 0-1

[Event "Late-Titled-Tuesday-Blitz-February-20-2024"]
[Site "Chess.com"]
[Date "2024.02.20"]
[Round "5"]
[White "ckgchess"]
[Black "ukchessbomber"]
[Result "1-0"]
[WhiteElo "2885"]
[BlackElo "2606"]
[TimeControl "180+1"]
[EndTime "14:55:50 PST"]
[Termination "ckgchess won by resignation"]

1. e4 b6 2. d4 Bb7 3. Bd3 d6 4. Nf3 Nd7 5. O-O g6 6. Re1 Bg7 7. c4 e5 8. Bg5 Ne7 9. Nc3 exd4 10. Nd5 f6 11. Nxd4 fxg5 12. Ne6 Qc8 13. Nxg7+ Kf7 14. Nh5 Nxd5 15. exd5 Ne5 16. Rxe5 dxe5 17. Qf3+ Kg8 18. Qf6 Qd7 19. Qxg5 Qf7 20. Nf6+ Kg7 21. Ng4 Rae8 22. Qh6+ Kg8 23. Re1 Bc8 24. Nxe5 Bf5 25. Bf1 Qf6 26. Ng4 Rxe1 27. Nxf6+ Kf7 28. Qf4 h5 29. h4 Kxf6 30. Qd4+ Kf7 31. Qxh8 Bd3 32. Qh7+ Kf8 33. Qxc7 Rxf1+ 34. Kh2 Rxf2 35. Qxa7 Be4 36. Qb8+ Kf7 37. Qc7+ Kf6 38. Qxb6+ Ke5 39. Qxf2 1-0

[Event "Late-Titled-Tuesday-Blitz-February-20-2024"]
[Site "Chess.com"]
[Date "2024.02.20"]
[Round "5"]
[White "HalfIsCrayfish"]
[Black "adwilhans"]
[Result "1-0"]
[WhiteElo "2534"]
[BlackElo "2336"]
[TimeControl "180+1"]
[EndTime "14:55:50 PST"]
[Termination "HalfIsCrayfish won on time"]

1. e4 e5 2. Nc3 Nc6 3. g3 f5 4. d3 Nf6 5. Bg2 Bb4 6. Ne2 d5 7. exd5 Nxd5 8. O-O Nxc3 9. Nxc3 O-O 10. f4 Bd6 11. Be3 Nd4 12. Qd2 c6 13. Rae1 Qa5 14.
Qf2 Ne6 15. fxe5 Bxe5 16. d4 Bc7 17. d5 cxd5 18. Nxd5 Bd8 19. a3 Qb5 20. b4 a5 21.
Bd2 Qc4 22. Ne3 Qb5 23. c4 Qd7 24. Bd5 Kh8 25. Bc3 Nc7 26. Bg2 Bg5 27. Nd5 Nxd5 28. Bxd5 Ra6 29. Qb2 Bf6 30. Bxf6 Raxf6 31. Re2 f4 32.
gxf4 Rxf4 33. Rxf4 Rxf4 34. Qe5 Qg4+ 35. Bg2 1-0

[Event "Late-Titled-Tuesday-Blitz-February-20-2024"]
[Site "Chess.com"]
[Date "2024.02.20"]
[Round "5"]
[White "OverallStranger"]
[Black "MaestroCheck"]
[Result "1/2-1/2"]
[WhiteElo "2362"]
[BlackElo "2545"]
[TimeControl "180+1"]
[EndTime "14:55:51 PST"]
[Termination "Game drawn - insufficient material"]

1. d4 d5 2. c4 c6 3. cxd5 cxd5 4. Nc3 Nf6 5. Bf4 Nc6 6. e3 a6 7. h3 Bf5 8. Nf3 e6 9. Bd3 Bxd3 10. Qxd3 Be7 11. O-O O-O 12. a3 Na5 13. Rfc1 Nb3 14. Nxd5 Nxc1 15. Nxf6+ Bxf6 16. Rxc1 Rc8 17. Rd1 Qb6 18.
b4 Rfd8 19. g4 Qc6 20. Qe2 h6 21. h4 Qe4 22. g5 hxg5 23. hxg5 Be7 24. Ne5 Qf5 25.
Qh5 Bd6 26. Kg2 Bxe5 27. Bxe5 Qg6 28. Qh4 f6 29. Bf4 e5 30. Bg3 exd4 31. gxf6 Qxf6 32. Qxf6 gxf6 33. exd4 Rc3 34. d5 Rxa3 35. Bc7 Rd7 36.
d6 Rc3 37. Re1 Rc4 38. Rb1 Kf7 39. b5 Rcxc7 40. dxc7 Rxc7 41. bxa6 bxa6 42. Ra1 Rc6 43. Kf3 Ke6 44. Ke4 Kd7 45. Kd4 Kc7 46. Kd5 Kb7 47. Rb1+ Rb6 48. Rh1 Rb2 49. f4 Rf2 50. Rb1+ Kc7 51.
Rb4 a5 52. Ra4 Kb6 53. Ke6 Kb5 54. Re4 a4 55. f5 a3 56. Re1 a2 57. Kxf6 Kb4 58.
Ra1 Kb3 59. Kg6 Rg2+ 60. Kf7 Kb2 61. Rxa2+ Kxa2 62. f6 Kb3 63. Ke7 Kc4 64. f7 Re2+ 65. Kd8 Rf2 66. Ke8 Re2+ 67. Kd7 Rf2 68. Ke7 Kd5 69. f8=Q Rxf8 70. Kxf8 1/2-1/2

[Event "Late-Titled-Tuesday-Blitz-February-20-2024"]
[Site "Chess.com"]
[Date "2024.02.20"]
[Round "5"]
[White "Jahonas"]
[Black "ImportedItalianMaple"]
[Result "1-0"]
[WhiteElo "2354"]
[BlackElo "2501"]
[TimeControl "180+1"]
[EndTime "14:55:52 PST"]
[Termination "Jahonas won on time"]

1. d4 g6 2. Nf3 Bg7 3. c3 d6 4. Bf4 Nd7 5. h3 e5 6. dxe5 dxe5 7. Bh2 e4 8. Nd4 Ngf6 9. e3 O-O 10. Nb5 Ne8 11.
Nd2 a6 12. Nd4 c5 13. N4b3 Qe7 14. Qc2 f5 15. Bc4+ Kh8 16. O-O Nef6 17. Rad1 b5 18. Be2 Ne5 19. c4 b4 20. Na5 Ne8 21. Ndb3 Qc7 22.
Rd5 Be6 23. Rxc5 Qb8 24. Nc6 Nxc6 25. Bxb8 Nxb8 26. Nd4 Bg8 27. Rc8 Bxd4 28. exd4 Be6 29. Rxe8 Rxe8 30. d5 Bf7 31. Qd2 a5 32. Qd4+ Kg8 33.
f3 e3 34. c5 Nd7 35. c6 Ne5 36. Rc1 Rac8 37. c7 Nd7 38. d6 Re6 39. Bc4 Ree8 40.
Bxf7+ Kxf7 41. Qd5+ Re6 42. Qb7 Ree8 43. Re1 f4 44. Qd5+ Re6 45. g3 fxg3 46. Rxe3 Nf8 47. d7 Rxc7 48. d8=Q Rc1+ 49. Kg2 Rc2+ 50. Kxg3 1-0

[Event "Late-Titled-Tuesday-Blitz-February-20-2024"]
[Site "Chess.com"]
[Date "2024.02.20"]
[Round "5"]
[White "expii"]
[Black "wild3000"]
[Result "0-1"]
[WhiteElo "2158"]
[BlackElo "2393"]
[TimeControl "180+1"]
[EndTime "14:55:52 PST"]
[Termination "wild3000 won by resignation"]

1. e4 d6 2. d4 Nf6 3. Nc3 a6 4. Nf3 Bg4 5. Be2 e6 6. O-O Be7 7. h3 Bh5 8. Be3 O-O 9. Qd2 Nc6 10. Rad1 b5 11. a3 d5 12. e5 Ne4 13. Nxe4 dxe4 14.
Ne1 Bg6 15. c3 Rb8 16. Nc2 a5 17. b4 a4 18. f3 Na7 19. fxe4 Bxe4 20. Bf3 Bxf3 21.
Rxf3 c6 22. Rdf1 Nc8 23. Ne1 Nb6 24. Nc2 Nc4 25. Qc1 Qd5 26. Ne1 Qe4 27. Bd2 f5 28.
Nd3 Nxd2 29. Qxd2 g5 30. Nc5 Bxc5 31. bxc5 h6 32. Re1 Qd5 33. Rg3 Kf7 34. Rf3 Ke7 35.
Kf2 Rf7 36. h4 Rg8 37. hxg5 hxg5 38. Rg3 f4 39. Rg4 Rh7 40. Qe2 Rh4 41. Rxh4 gxh4 42. Qe4 Qxe4 43. Rxe4 Rg3 44. Rxf4 Rxc3 45. Rxh4 Rxa3 46.
Rh7+ Kd8 47. Rh8+ Kc7 48. Rh7+ Kc8 49. Rh8+ Kb7 50. Re8 Rd3 51. Rxe6 Rxd4 52. Re7+ Kc8 53. Re8+ Kd7 54. Ra8 Ke6 55. Ra6 Kd5 56. e6 Re4 57.
Ra8 Rxe6 58. g4 Kxc5 59. g5 Rg6 60. Kf3 Rxg5 0-1

[Event "Late-Titled-Tuesday-Blitz-February-20-2024"]
[Site "Chess.com"]
[Date "2024.02.20"]
[Round "5"]
[White "Vasily85"]
[Black "jodarmarlon1985"]
[Result "1-0"]
[WhiteElo "2464"]
[BlackElo "2230"]
[TimeControl "180+1"]
[EndTime "14:55:53 PST"]
[Termination "Vasily85 won on time"]

1. e4 e5 2. Nf3 Nc6 3. Bc4 Nf6 4. d3 Be7 5. O-O O-O 6. Re1 d6 7. c3 Na5 8. Bb5 a6 9. Ba4 b5 10. Bc2 c5 11. h3 Nc6 12. Nbd2 Re8 13. Nf1 h6 14. d4 Bf8 15. Ng3 g6 16. Be3 cxd4 17. cxd4 Bg7 18. Rc1 exd4 19. Nxd4 Nxd4 20. Bxd4 Bb7 21.
Qd3 d5 22. e5 Ne4 23. f4 Rc8 24. Nxe4 dxe4 25. Qe3 Qa5 26. a3 Bf8 27. b4 Qd8 28. Bxe4 Bxe4 29. Qxe4 Rxc1 30. Rxc1 a5 31. bxa5 Qxa5 32.
Kh2 Qxa3 33. Rc6 Qb4 34. Qd5 Qe7 35. Rd6 Qh4 36. Rxg6+ Kh7 37. Qxf7+ 1-0

[Event "Late-Titled-Tuesday-Blitz-February-20-2024"]
[Site "Chess.com"]
[Date "2024.02.20"]
[Round "5"]
[White "SaqoChess_Twitch"]
[Black "Zhigalko_Sergei"]
[Result "0-1"]
[WhiteElo "2635"]
[BlackElo "2936"]
[TimeControl "180+1"]
[EndTime "14:55:55 PST"]
[Termination "Zhigalko_Sergei won by resignation"]

1. d4 Nf6 2. c4 e6 3. Nc3 Bb4 4. e3 O-O 5. Bd3 d5 6. cxd5 exd5 7. a3 Bd6 8. Nge2 Re8 9. O-O a5 10. Qc2 c6 11. Rb1 g6 12. Ng3 Qe7 13. Bd2 h5 14. h3 h4 15. Nge2 Ne4 16. Nxe4 dxe4 17. Bc4 Bf5 18. Rbc1 Nd7 19. Qb3 b5 20. Bxf7+ Qxf7 21.
Qxf7+ Kxf7 22. Rxc6 Ke7 23. Rfc1 Reb8 24. Nc3 Nf6 25. f3 b4 26. axb4 axb4 27. Nd1 Kd7 28. Nf2 Ra2 29. fxe4 Nxe4 30. Be1 Ng3 31. e4 Ne2+ 32.
Kf1 Nxc1 33. Rxc1 Be6 34. e5 Be7 35. Ne4 Rxb2 36. Rd1 Bd5 37. Nf2 b3 38. Nd3 Bxg2+ 39. Kg1 Rc2 40. Nf4 b2 41. e6+ Kd6 0-1